 Dungeon Crawl Stone Soup version 0.18.1-5-g4a78601 (webtiles) character file.

190 Tibison the Digger (level 5, -1/28 HPs)
             Began as a Gargoyle Earth Elementalist on May 9, 2016.
             Killed by divine providence
             ... invoked by an orc priest
              (16 damage)
             ... on level 4 of the Dungeon on May 10, 2016.
             The game lasted 00:19:47 (4212 turns).

Tibison the Digger (Gargoyle Earth Elementalist)    Turns: 4212, Time: 00:19:48

Health: -1/28      AC:  9    Str: 12    XL:     5   Next: 69%
Magic:  0/9        EV: 12    Int: 16    God:
Gold:   212        SH:  0    Dex: 10    Spells: 3 memorised, 4 levels left

rFire  . . .     SeeInvis .     q - +0 spear (venom)
rCold  . . .     Gourm    .     a - +0 robe
rNeg   + . .     Faith    .     (no shield)
rPois  ∞         Spirit   .     (no helmet)
rElec  +         Dismiss  .     (no cloak)
rCorr  .         Reflect  .     j - +2 pair of gloves
SustAt .         Harm     .     (no boots)
MR     .....                    (no amulet)
Stlth  ++........               (no ring)
                                (no ring)

@: not resistant to hostile enchantments, unstealthy
A: negative energy resistance 1, electricity resistance, unbreathing,
petrification resistance, rot immunity, AC +4
a: no special abilities


You were on level 4 of the Dungeon.
You were not hungry.

You visited 1 branch of the dungeon, and saw 4 of its levels.

You collected 212 gold pieces.

Inventory:

Hand Weapons
 e - a +0 dagger
 n - a +0 dagger
 q - a +0 spear of venom (weapon)
Missiles
 b - 206 stones (quivered)
Armour
 a - a +0 robe (worn)
 j - a +2 pair of gloves (worn)
Jewellery
 f - an uncursed amulet of faith
 s - an uncursed ring of sustain attributes {unknown}
Scrolls
 i - a scroll of enchant weapon {unknown}
 l - 5 scrolls of identify {unknown}
 m - a scroll of fog {unknown}
 o - 2 scrolls of immolation {unknown}
 t - a scroll of fear {unknown}
 u - a scroll of random uselessness {unknown}
Potions
 k - a potion of flight {unknown}
 p - a potion of curing {unknown}
 r - 3 potions of heal wounds
Books
 c - a book of Geomancy

   Spells                             Type                      Level
   a - Sandblast                      Earth                        1
   b - Passwall                       Transmutation/Earth          2
   c - Stone Arrow                    Conjuration/Earth            3
   d - Petrify                        Transmutation/Earth          4
   e - Lee's Rapid Deconstruction     Earth                        5
Comestibles
 d - 3 bread rations
 g - a meat ration
 h - a beef jerky
 v - 2 chunks of flesh


   Skills:
 - Level 1.5 Dodging
 - Level 2.1 Stealth
 + Level 3.1 Spellcasting
 + Level 1.8 Conjurations
 - Level 0.7 Transmutations
 * Level 6.2 Earth Magic


You had 4 spell levels left.
You knew the following spells:

 Your Spells              Type           Power        Failure   Level  Hunger
a - Sandblast             Erth           ###...       1%          1    None
b - Passwall              Trmt/Erth      ##........   10%         2    ##.....
c - Stone Arrow           Conj/Erth      ###...       12%         3    ###....


Dungeon Overview and Level Annotations

Branches:
Dungeon (4/15)
 Temple: D:4-7

Altars:
Ru
Trog


Innate Abilities, Weirdness & Mutations

You are resistant to torment.
Your stone body is resilient (AC +4).
You are immune to poison.
You resist negative energy.
You are resistant to electric shocks.
You can survive without breathing.
You are immune to petrification.
You are immune to rotting.


Message History

Aiming: Stone Arrow
Press: ? - help, Shift-Dir - straight line, f/p - orc
Aim: an orc, wielding a club and wearing a ring mail The stone arrow hits the orc.
You kill the orc!
Casting: Stone Arrow
Confirm with . or Enter, or press ? or * to list all spells.
Aiming: Stone Arrow
Press: ? - help, Shift-Dir - straight line, f - orc priest
Aim: an orc priest, wearing a scale mail The stone arrow hits the orc priest.
The orc priest is severely wounded.
The orc priest hits you.
An orc wizard comes into view. It is wielding a dagger.
The orc wizard casts a spell at you. The magic dart hits you!
The orc priest invokes the aid of Beogh against you.
Beogh smites you!
Ouch! That really hurt!
You die...

............#
##..........#
............#
##..........#
###.###.#.#### #.#
#.#....# #.#
#.####.# #.
#....#.###########
#.
#####.#...@...o.o.#
#...<.##########..#
#.##.## .# #.# #
#.# #.# #.# #.# #.#


You could see an orc priest and an orc wizard.

Vanquished Creatures
  A centaur skeleton (D:4)
  A worker ant (D:4)
  3 adders
  A howler monkey skeleton (D:4)
  4 worms
  6 giant geckos
  3 orcs
  A ball python (D:1)
  6 giant cockroaches
  11 goblins
  11 hobgoblins
  3 jackals
  6 kobolds
  2 quokkas
  7 bats
  4 giant newts
  8 rats
78 creatures vanquished.

Notes
Turn   | Place    | Note
--------------------------------------------------------------
     0 | D:1      | Tibison the Gargoyle Earth Elementalist began the quest for the Orb.
     0 | D:1      | Reached XP level 1. HP: 10/10 MP: 3/3
   320 | D:1      | Reached skill level 4 in Earth Magic
   544 | D:1      | Reached XP level 2. HP: 15/15 MP: 1/5
   635 | D:1      | Learned a level 2 spell: Passwall
  1442 | D:1      | Reached XP level 3. HP: 19/19 MP: 3/6
  1451 | D:1      | Learned a level 3 spell: Stone Arrow
  2096 | D:2      | Found a sacrificial altar of Ru.
  2269 | D:2      | Reached skill level 5 in Earth Magic
  2363 | D:2      | Reached XP level 4. HP: 24/24 MP: 6/8
  2517 | D:2      | Reached skill level 1 in Conjurations
  2672 | D:2      | Found a faded altar to an unknown god.
  3471 | D:3      | Reached XP level 5. HP: 28/28 MP: 0/9
  3782 | D:4      | Reached skill level 6 in Earth Magic
  3966 | D:4      | Found a bloodstained altar of Trog.
  4212 | D:4      | Killed from afar by an orc priest

Skill      XL: |  1  2  3  4  5 |
---------------+----------------+-----
Earth Magic    | 4 5 6 |  6.2
Conjurations   | 1 |  1.8
Spellcasting   | 3 |  3.1
Dodging        | |  1.5
Stealth        | |  2.1
Transmutations | |  0.7

Action                   |  1- 3 |  4- 6 || total
-------------------------+-------+-------++-------
Melee: Unarmed           |     2 |       ||     2
       Spear             |       |    19 ||    19
 Cast: Sandblast         |    70 |    60 ||   130
       Passwall          |       |     2 ||     2
       Stone Arrow       |       |     8 ||     8
  Use: Scroll            |     1 |       ||     1
       Potion            |     1 |       ||     1
  Eat: Bread ration      |     1 |       ||     1
       Meat ration       |     1 |       ||     1
       Chunk             |       |     3 ||     3
Armor: Robe              |    30 |    17 ||    47
Dodge: Dodged            |    47 |    43 ||    90
